 Dungeon Crawl Stone Soup version 0.30.0-15-g856e2d3f33 (webtiles) character file.

Game seed: 15227695651508223460

21660 jasper the Fighter (level 12, -3/106 HPs)
             Began as a Demigod Earth Elementalist on May 18, 2023.
             Slain by a skyshark (8 damage)
             ... on level 3 of the Lair of Beasts.
             The game lasted 00:23:57 (16101 turns).

jasper the Fighter (Demigod Earth Elementalist)    Turns: 16101, Time: 00:23:57

Health: -3/106     AC: 13    Str:  9    XL:     12   Next: 25%
Magic:  24/26      EV: 13    Int: 33    God:
Gold:   490        SH:  0    Dex: 14    Spells: 2/25 levels left

rFire   . . .        V - +2 trident (venom)
rCold   + . .        (no shield)
rNeg    . . .        P - +0 acid dragon scales
rPois   .            G - +0 hat {Will+}
rElec   .            x - +0 cloak
rCorr   +            D - +0 pair of gloves
SInv    .            J - +0 pair of boots
Will    ++...        O - amulet of magic regeneration
Stlth   ++           y - +4 ring of protection
HPRegen 0.37/turn    q - ring of protection from cold
MPRegen 0.60/turn

%: no passive effects
@: no status effects
A: high MP 1, forlorn, divine attributes
a: no special abilities


You were on level 3 of the Lair of Beasts.
You visited 2 branches of the dungeon, and saw 14 of its levels.
You also visited: Ossuary.

You collected 962 gold pieces.
You spent 472 gold pieces at shops.

Inventory:

Hand Weapons
 c - a +3 vampiric dagger
 u - a +0 scythe
 A - the +2 glaive "Goblinslayer" {freeze, rElec Stlth+}
   (You bought it in a shop on level 6 of the Dungeon)

   rElec:     It insulates you from electricity.
   Stlth:     It makes you more stealthy.
 V - a +2 trident of venom (weapon)
Missiles
 d - 10 poisoned darts
Armour
 a - a +1 robe
 l - the scarf of Niywathra {harm, rElec Int+3}
   (You found it on level 2 of the Dungeon)

   Int:       It affects your intelligence (+3).
   rElec:     It insulates you from electricity.
 x - a +0 cloak (worn)
 B - a +0 cloak
 D - a +0 pair of gloves (worn)
 G - a +0 hat of willpower (worn)
 J - a +0 pair of boots (worn)
 K - a +0 leather armour of poison resistance
 P - +0 acid dragon scales (worn)
 Q - an orb of mayhem
Jewellery
 h - a +6 ring of dexterity
 n - a ring of flight
 q - a ring of protection from cold (right hand)
 y - a +4 ring of protection (left hand)
 C - a +6 ring of strength
 I - a ring of wizardry
 L - a ring of resist corrosion
 N - a ring of magical power
 O - an amulet of magic regeneration (around neck)
Wands
 m - a wand of charming (29)
 t - a wand of digging (5)
 E - a wand of roots (19)
 S - a wand of quicksilver (5)
 U - a wand of flame (6)
Scrolls
 p - 3 scrolls of identify
 r - 8 scrolls of teleportation
 s - 6 scrolls of enchant armour
 w - 2 scrolls of fear
 z - a scroll of summoning
 H - a scroll of magic mapping
 R - a scroll of amnesia
 T - a scroll of enchant weapon
Potions
 b - 4 potions of magic
 e - 5 potions of lignification
 f - 3 potions of flight
 g - 9 potions of curing
 i - 4 potions of brilliance
 j - a potion of berserk rage
 k - 7 potions of haste
 o - 5 potions of cancellation
 v - 2 potions of attraction
 F - 3 potions of might
 M - a potion of resistance


   Skills:
 - Level 10.0 Fighting
 + Level 7.8 Polearms
 - Level 6.8 Dodging
 - Level 1.7 Stealth
 - Level 7.0 Spellcasting
 - Level 6.0 Conjurations
 - Level 6.0 Hexes
 - Level 6.0 Summonings
 - Level 0.8 Transmutations
 - Level 1.0 Air Magic
 - Level 4.2 Earth Magic


You had 2 spell levels left.
You knew the following spells:

 Your Spells              Type           Power      Damage    Failure   Level
a - Sandblast             Erth           78%        2d17      1%          1
b - Passwall              Tmut/Erth      23%        N/A       3%          2
c - Stone Arrow           Conj/Erth      90%        3d12      2%          3
d - Apportation           Tloc           22%        N/A       6%          1
e - Cigotuvi's Dreadful   Necr/Pois/Air  26%        N/A       9%          2
f - Mephitic Cloud        Conj/Pois/Air  26%        N/A       8%          3
g - Summon Mana Viper     Hex/Summ       50%        N/A       16%         5
h - Summon Lightning Spi  Summ/Air       34%        N/A       16%         4
i - Sublimation of Blood  Necr           11%        N/A       10%         2

Your spell library contained the following spells:

 Spells                   Type           Power      Damage    Failure   Level
 Magic Dart               Conj           100%       1d8       1%          1
 Summon Small Mammal      Summ           100%       N/A       1%          1
 Call Imp                 Summ           100%       N/A       1%          2
 Static Discharge         Conj/Air       68%        2-5/arc   2%          2
 Necrotise                Necr           44%        1d6       6%          1
 Wereblood                Tmut           17%        N/A       7%          2
 Inner Flame              Hex/Fire       31%        N/A       5%          3
 Flame Wave               Conj/Fire      31%        2d9       19%         4
 Sticky Flame             Conj/Fire      31%        2d5       19%         4
 Petrify                  Tmut/Erth      28%        N/A       22%         4
 Airstrike                Air            9%         2d(2-18)  38%         4
 Summon Forest            Summ/Tloc      15%        N/A       45%         5
 Dispel Undead            Necr           11%        3d9       54%         4
 Summon Cactus Giant      Summ           25%        N/A       63%         6
 Summon Hydra             Summ           25%        N/A       99%         7
 Death Channel            Necr           5%         N/A       100%        6


Dungeon Overview and Level Annotations

Branches:
Dungeon (11/15)            Temple (0/1) D:6            Lair (3/5) D:9
 Shoals (0/4) Lair:2          Orc (0/2) D:10        Ossuary (visited)
  Snake: Lair:2-3    Spider: Lair:2-3

Shops:
D:1 *   D:5 [   D:6 (

Annotations:
D:11 2 runed translucent doors


Innate Abilities, Weirdness & Mutations

You have an increased reservoir of magic. (+10% MP)
You shall have no god before yourself.
Your divine heritage dramatically boosts your attributes as you level up.


Message History

You barely miss the skyshark.
The skyshark is heavily wounded.
The skyshark barely misses you. x2
The skyshark tail-slaps you but does no damage.
The skyshark misses you. The skyshark closely misses you.
The skyshark tail-slaps you!
You take 7 damage, and have 70/106 hp.
You hit the skyshark.
The skyshark is poisoned.
The skyshark is heavily wounded.
The skyshark bites you. The skyshark tail-slaps you.
The skyshark barely misses you.
You take 5 damage, and have 65/106 hp.
You puncture the skyshark!
The skyshark looks as sick as possible!
The skyshark is heavily wounded.
The skyshark bites you!
The skyshark tail-slaps you but does no damage. x2
The skyshark bites you! The skyshark closely misses you.
The skyshark tail-slaps you.
You take 19 damage, and have 46/106 hp.
You hit the skyshark but do no damage.
The skyshark is heavily wounded.
Your lightning spire shoots out a bolt of lightning at the skyshark!
The bolt of electricity hits the skyshark! x2
The skyshark bites your lightning spire but does no damage.
The skyshark tail-slaps your lightning spire.
The skyshark barely misses your lightning spire.
Your magical contamination has completely faded away.
You hit the skyshark.
The skyshark is severely wounded.
The skyshark bites you!!
* * * LOW HITPOINT WARNING * * *
The skyshark misses you.
The skyshark tail-slaps you but does no damage.
You take 21 damage, and have 25/106 hp.
You hit the skyshark.
The skyshark is severely wounded.
The skyshark bites you!!
* * * LOW HITPOINT WARNING * * *
The skyshark tail-slaps you!
You die...

...........†.....PPP##...#..##
.................######.##...#
......†††...# #####>##
.........†.## #.###
.........###..# #†..#
...........#.## #..##
.............## #######.##
...........8l..###.##.##.##
............#@###...##.P..#
........................##
#h.....................#
#......................#
.###......##...#.#.#.#....##
...........############.....#
..........## #....##
...........# ##.....#
..........P## #.....##


You could see a skyshark (berserk, extremely poisoned, ally target) and a
friendly lightning spire (summoned).

Vanquished Creatures
  Gastronok (D:8)
  Erica (D:10)
  2 two-headed ogres (D:10)
  A cyclops (D:8)
  Maurice (D:10)
  A black mamba (Lair:2)
  2 komodo dragons (Lair:1)
  A kobold demonologist (D:9)
  A polar bear (Lair:2)
  A hornet (D:11)
  2 trolls
  2 blink frogs (Lair:1)
  A shadow (D:11)
  Sigmund (D:4)
  A culicivora (Lair:2)
  A wraith (D:10)
  2 wyverns (D:8)
  12 yaks
  Grum (D:8)
  A basilisk (Lair:2)
  5 vampire mosquitoes
  3 acid dragons
  A warg (D:10)
  3 water moccasins
  6 orc warriors
  A sky beast (D:8)
  An ice beast (D:8)
  2 ogres
  2 black bears
  12 wolves
  3 centaurs
  2 phantoms
  8 bullfrogs
  A scorpion (D:6)
  A gnoll sergeant (D:11)
  10 wights
  4 jellies
  13 killer bees
  3 howler monkeys
  6 electric eels
  3 centaur zombies (Ossuary)
  6 orc priests
  4 hounds
  A hell rat (Lair:2)
  A sleepcap (D:5)
  Natasha (thrice) (D:3)
  16 iguanas
  14 orc wizards
  2 ogre zombies (Ossuary)
  7 mummies (Ossuary)
  4 gnolls (D:11)
  7 adders
  A shadow imp (D:6)
  2 white imps
  An ufetubus (D:6)
  4 adder zombies (Ossuary)
  2 worms
  2 dart slugs
  47 orcs
  An endoplasm (D:1)
  3 giant cockroaches
  7 goblins
  3 hobgoblins
  4 jackals
  3 quokkas
  8 ball pythons
  3 bats
  15 frilled lizards
  A gnoll zombie (Ossuary)
  4 goblin zombies (Ossuary)
  2 hobgoblin zombies (Ossuary)
  9 kobolds
  7 kobold zombies (Ossuary)
  2 quokka zombies (Ossuary)
  3 rats (D:1)
  5 rat zombies (Ossuary)
330 creatures vanquished.

Vanquished Creatures (collateral kills)
  A boulder beetle (D:11)
  4 elephants (Lair:1)
  A cane toad (Lair:2)
  A black mamba (Lair:3)
  2 komodo dragons (Lair:1)
  A polar bear (Lair:3)
  2 blink frogs (Lair:1)
  7 yaks (Lair:3)
  A water moccasin (Lair:3)
  A swamp drake (Lair:1)
  A black bear (Lair:3)
  4 wolves
  2 iguanas (Lair:1)
  A hell rat (Lair:2)
  8 river rats (Lair:2)
  A rat (Lair:2)
38 creatures vanquished.

Vanquished Creatures (others)
  2 killer bees
  A frilled lizard (Lair:1)
3 creatures vanquished.

Grand Total: 371 creatures vanquished

Notes
Turn   | Place    | Note
-------+----------+-------------------------------------------
     0 | D:1      | jasper the Demigod Earth Elementalist began the quest for
                  | the Orb.
     0 | D:1      | Reached XP level 1. HP: 14/14 MP: 5/5
   275 | D:1      | Found Niyq's General Store.
   349 | D:1      | Bought a potion of curing for 42 gold pieces
   437 | D:1      | Reached XP level 2. HP: 20/20 MP: 4/7
   440 | D:1      | Learned a level 2 spell: Passwall
  1098 | D:2      | Reached XP level 3. HP: 26/26 MP: 3/8
  1254 | D:2      | Identified the scarf of Niywathra {harm, rElec Int+3}
  2048 | D:3      | Reached skill level 1 in Fighting
  2048 | D:3      | Reached XP level 4. HP: 27/36 MP: 3/9
  2199 | D:3      | Noticed an ogre
  2276 | D:3      | Reached skill level 2 in Fighting
  2427 | D:3      | Killed an ogre
  2428 | D:3      | Reached skill level 3 in Fighting
  2428 | D:3      | Reached XP level 5. HP: 45/45 MP: 6/10
  2492 | D:3      | Noticed Natasha
  2497 | D:3      | Killed Natasha
  2687 | D:3      | Reached skill level 4 in Fighting
  2773 | D:3      | Noticed Natasha
  2778 | D:3      | Killed Natasha
  2833 | D:3      | Noticed Natasha
  2838 | D:3      | Killed Natasha
  2995 | D:4      | Reached XP level 6. HP: 55/55 MP: 6/11
  3008 | D:4      | Learned a level 3 spell: Stone Arrow
  3010 | D:4      | Learned a level 1 spell: Apportation
  3131 | D:4      | Reached skill level 5 in Fighting
  3550 | D:4      | Noticed Sigmund
  3554 | D:4      | Killed Sigmund
  3555 | D:4      | Reached skill level 6 in Fighting
  3555 | D:4      | Reached XP level 7. HP: 64/64 MP: 8/12
  3766 | D:4      | Learned a level 2 spell: Cigotuvi's Dreadful Rot
  3774 | D:5      | Entered Level 5 of the Dungeon
  4125 | D:5      | Reached skill level 7 in Fighting
  4404 | D:5      | Found Xuexon's Antique Armour Boutique.
  4410 | D:5      | Bought a cloak for 108 gold pieces
  4654 | D:6      | Reached skill level 8 in Fighting
  4722 | D:6      | Reached XP level 8. HP: 75/75 MP: 10/13
  4791 | D:6      | Reached skill level 9 in Fighting
  5301 | D:6      | Found a staircase to the Ecumenical Temple.
  5303 | D:6      | Found Votouc's Antique Weapon Boutique.
  5555 | D:6      | Reached skill level 10 in Fighting
  5698 | D:6      | Learned a level 3 spell: Mephitic Cloud
  5742 | D:7      | Reached skill level 1 in Conjurations
  6228 | D:7      | Reached XP level 9. HP: 85/85 MP: 8/16
  6939 | D:8      | Noticed a cyclops
  6940 | D:8      | Reached skill level 5 in Conjurations
  6994 | D:8      | Found a sand-covered staircase.
  7000 | Ossuary  | Entered an ossuary
  7649 | D:8      | Killed a cyclops
  7767 | D:8      | Noticed Gastronok
  7809 | D:6      | Bought a shimmering glaive for 322 gold pieces
  7809 | D:6      | Identified the +2 glaive "Goblinslayer" {freeze, rElec
                  | Stlth+} (You bought it in a shop on level 6 of the Dungeon)
  8470 | D:8      | Killed Gastronok
  8471 | D:8      | Reached XP level 10. HP: 93/93 MP: 1/20
  8796 | D:8      | Reached skill level 5 in Spellcasting
  8954 | D:8      | Reached skill level 5 in Dodging
  8998 | D:8      | Noticed Grum
  9008 | D:8      | Killed Grum
  9798 | D:9      | Found a staircase to the Lair.
 10627 | D:9      | Learned a level 5 spell: Summon Mana Viper
 10780 | D:10     | Entered Level 10 of the Dungeon
 10807 | D:10     | Noticed Erica
 10812 | D:10     | Killed Erica
 10813 | D:10     | Reached skill level 1 in Hexes
 10813 | D:10     | Reached skill level 1 in Summonings
 10961 | D:10     | Found a staircase to the Orcish Mines.
 11183 | D:10     | Noticed Maurice
 11187 | D:10     | Killed Maurice
 11427 | D:10     | Noticed a two-headed ogre
 11431 | D:10     | Killed a two-headed ogre
 11432 | D:10     | Reached XP level 11. HP: 72/99 MP: 16/25
 11864 | D:10     | Noticed a two-headed ogre
 11870 | D:10     | Killed a two-headed ogre
 12375 | D:11     | Noticed a boulder beetle
 12394 | D:11     | Killed a boulder beetle
 12468 | D:11     | Reached skill level 5 in Hexes
 12468 | D:11     | Reached skill level 5 in Summonings
 12516 | D:11     | Found a runed translucent door.
 12851 | D:11     | Found a runed translucent door.
 13176 | D:11     | Noticed a two-headed ogre
 13316 | Lair:1   | Entered Level 1 of the Lair of Beasts
 13335 | Lair:1   | Learned a level 4 spell: Summon Lightning Spire
 13443 | Lair:1   | Reached skill level 1 in Air Magic
 13657 | Lair:1   | Reached skill level 1 in Polearms
 14124 | Lair:2   | Learned a level 2 spell: Sublimation of Blood
 14128 | Lair:2   | Reached skill level 5 in Polearms
 14337 | Lair:2   | Reached XP level 12. HP: 22/106 MP: 12/26
 15359 | Lair:2   | Found a staircase to the Shoals.
 16101 | Lair:3   | HP: 5/106 [skyshark (21)]
 16101 | Lair:3   | Slain by a skyshark

Illustrated notes

Levels and vault maps discovered:
D:1:      lightli_arrival_statuegarden, layout_basic, serial_shops, shop_coins
D:2:      layout_basic, grunt_ministairs_10
D:3:      layout_basic, mainiacjoe_overflow_alcove_4, uniq_natasha
D:4:      layout_gridville, old_standard_altar, nicolae_figureground_sparkle,
          uniq_sigmund
D:5:      layout_loops_ring, serial_shops, shop,
          hangedman_abyss_or_decor_jellyfish_corner, nrook_mini_backslash
D:6:      layout_basic, temple_pool_b, serial_shops, shop, abandoned_shop
D:7:      layout_basic, hangedman_decor_diamond_cutter, solitary_fountain
D:8:      layout_rooms, tgw_sif, lightli_ossuary_entry_decrepit_ruins,
          chequers_serial_rivers_room_a, patterned_corridor, uniq_grum,
          uniq_gastronok
D:9:      layout_loops_ring, erik_lair_island
D:10:     layout_loops_ring, lemuel_doored_altar, david_orc_1_choice,
          uniq_erica, uniq_maurice
D:11:     cheibrodos_histonic, layout_irregular_city
Lair:1:   lemuel_reptile_caves, layout_misc_corridors
Lair:2:   layout_layer_cave, elwin_shoals_entry_rocks,
          spider_nest_entry_funnel_web, kennysheep_rathole
Lair:3:   layout_chaotic_city, gammafunk_ghost_wrathful_warriors,
          lemuel_fruit_tree, grunt_megastairs_2

Skill      XL: |  1  2  3  4  5  6  7  8  9 10 11 12 |
---------------+-------------------------------------+-----
Earth Magic    | 3 4 |  4.2
Fighting       | 1 3 4 6 8 10 | 10.0
Spellcasting   | 2 4 6 7 |  7.0
Conjurations   | 3 6 |  6.0
Dodging        | 4 6 |  6.8
Hexes          | 3 6 |  6.0
Summonings     | 3 6 |  6.0
Air Magic      | 1 |  1.0
Polearms       | 5 7 |  7.8
Stealth        | |  1.7
Transmutations | |  0.8

Action                     |  1- 3 |  4- 6 |  7- 9 | 10-12 || total
---------------------------+-------+-------+-------+-------++-------
  Melee: Dagger            |     2 |     5 |       |       ||     7
         Unarmed           |       |       |    28 |    10 ||    38
         Halberd           |       |       |     3 |       ||     3
         Glaive            |       |       |       |    51 ||    51
         Trident           |       |       |       |    73 ||    73
         Punch             |       |       |       |     3 ||     3
   Cast: Sandblast         |    63 |    73 |   204 |   105 ||   445
         Stone Arrow       |       |       |    13 |   112 ||   125
         Mephitic Cloud    |       |       |     2 |     4 ||     6
         Summon Lightning  |       |       |       |    16 ||    16
         Summon Mana Viper |       |       |       |    10 ||    10
  Evoke: Wand              |       |       |     5 |     8 ||    13
    Use: Scroll            |     5 |     3 |     3 |    12 ||    23
         Potion            |       |       |     3 |     2 ||     5
   Stab: Distracted        |       |       |       |     1 ||     1
 Armour: Robe              |     3 |    13 |    37 |    64 ||   117
         Skin              |       |       |    35 |    10 ||    45
         Acid dragon scale |       |       |       |    34 ||    34
  Dodge: Dodged            |    21 |    40 |    68 |   216 ||   345
